 Dungeon Crawl Stone Soup version 0.27.1-2-g3b301248ec (webtiles) character file.

Game seed: 4421391145080292342

2 MisterFreud the Ducker (level 1, -2/10 HPs)
             Began as a Felid Berserker on Oct 1, 2021.
             Was a Follower of Trog.
             Slain by a goblin (3 damage)
             ... on level 1 of the Dungeon.
             The game lasted 00:01:02 (373 turns).

MisterFreud the Ducker (Felid Berserker)             Turns: 373, Time: 00:01:03

Health: -2/10      AC:  1    Str: 13    XL:     1   Next: 25%
Magic:  2/2        EV: 18    Int:  8    God:    Trog [*.....]
Gold:   0          SH:  0    Dex: 15    Spells: 0/0 levels left
                                        Lives:  0   Deaths: 0

rFire    . . .     SeeInvis +     - Unarmed
rCold    . . .     Faith    .   (shield unavailable)
rNeg     . . .     Spirit   .   (armour unavailable)
rPois    .         Reflect  .   (helmet unavailable)
rElec    .         Harm     .   (cloak unavailable)
rCorr    .         Rampage  .   (gloves unavailable)
Will     .....                  (boots unavailable)
Stlth    ++........             (no amulet)
HPRegen  0.03/turn              (no ring)
MPRegen  0.08/turn              (no ring)

@: quick
A: very small, claws 1, fangs 3, see invisible, speed 1, shaggy fur 1, stealthy
paws, no weapons or thrown items, no armour, multi-lived
a: Renounce Religion, Berserk


You were on level 1 of the Dungeon.
You worshipped Trog.
Trog was aware of your devotion.
You visited 1 branch of the dungeon, and saw 2 of its levels.

You aren't carrying anything.


   Skills:
 - Level 3.0 Fighting
 - Level 4.0 Dodging
 * Level 0.4 Stealth
 + Level 3.0 Unarmed Combat


You couldn't memorise any spells.
You didn't know any spells.
Your spell library was empty.

Dungeon Overview and Level Annotations

Branches:
Dungeon (2/15)

Altars:


Innate Abilities, Weirdness & Mutations

You have sharp claws.
You have razor-sharp teeth.
You have supernaturally acute eyesight. (SInv)
You cover ground quickly. (Speed+)
You are covered in fur. (AC +1)
Your paws help you pounce on unaware monsters.
You are incapable of wielding weapons or throwing items.
You cannot wear armour.
You gain extra lives every three experience levels.


Message History

You scratch the giant cockroach but do no damage.
The giant cockroach is severely wounded.
The giant cockroach completely misses you.
You scratch the giant cockroach.
You kill the giant cockroach!
Trog accepts your kill.
HP restored.
You enter the shallow water.
Moving in this stuff is going to be slow.
Found 13 gold pieces.
A goblin comes into view. It is wielding a +6 dagger.
The goblin shouts!
A goblin is nearby!
A goblin is nearby!
The goblin completely misses you.
You scratch the goblin but do no damage.
The goblin hits you with a +6 dagger!
Ouch! That really hurt!
* * * LOW HITPOINT WARNING * * *
You are too injured to fight recklessly!
You are too injured to fight recklessly!
You open the door.
There is an open door here.
You close the door.
There's nothing to close nearby.
There's nothing to close nearby.
There's nothing to close nearby.
There's nothing to close nearby.
There's nothing to close nearby.
A goblin opens the door.
There is a stone staircase leading down here.
You climb downwards.
There is a stone staircase leading up here.
You start resting.
HP restored.
You climb upwards.
The goblin hits you with a +6 dagger!
Ouch! That really hurt!
* * * LOW HITPOINT WARNING * * *
The goblin hits you with a +6 dagger.
You die...

#.♣≈P≈♣♣≈≈≈≈≈≈≈≈≈≈♣
#.##♣♣♣♣≈P≈≈≈≈♣P♣♣
#.......♣≈♣P≈♣P≈≈#
##.###.##..##..###
#.# #.##$....##
##.#######'####
#....# ♣♣..≈#
#..###♣♣...≈# #..#
♣@g..≈#
######..###♣....≈#
..........#♣.<.≈≈#
#####.....#...≈≈≈#
##.##.'..≈≈≈.# #.
#.#<.≈P≈.# #.
#.#.≈≈P≈P+ #.
..#≈≈PP≈.#
####.#≈PP≈≈.#


You could see a goblin.

Vanquished Creatures
  A giant cockroach (D:1)
  A rat (D:1)
2 creatures vanquished.

Notes
Turn   | Place    | Note
-------+----------+-------------------------------------------
     0 | D:1      | MisterFreud the Felid Berserker began the quest for the
                  | Orb.
     0 | D:1      | Reached XP level 1. HP: 10/10 MP: 2/2
   373 | D:1      | Slain by a goblin

Illustrated notes

Levels and vault maps discovered:
D:1:      tarquinn_simple_flora_water_c, layout_loops_ring, serial_bayou,
          serial_bayou_lake_a, serial_bayou_shore_a, serial_bayou_lagoon_a,
          serial_bayou_pond_e, minmay_quantized
D:2:      layout_loops_ring, basic_altar, minmay_tiny_reverse_x

Action                   || total
-------------------------++-------
Melee: Unarmed           ||    12
       Bite              ||     1
Armor: Skin              ||     1
Dodge: Dodged            ||     7
